[Event "Titled Tuesday Blitz April 4 Late 2023"]
[White "Senft, Sean"]
[Black "Kornyukov, Alexey"]
[WhiteFideId "2044960"]
[BlackFideId "4150457"]
[WhiteElo "1989"]
[BlackElo "2352"]
[Result "1-0"]
[Round "05"]
[TimeControl "180+2"]
[Date "2023.04.04"]
[WhiteClock "0:00:22"]
[BlackClock "0:00:01"]

1. d4 d5 2. c4 e6 3. Nc3 c6 4. cxd5 exd5 5. Nf3 Bd6 6. Bg5 f6 7. Bh4 Ne7 8. e3 Qb6 9. Qc2 Bf5 10. Qb3 O-O 11. Be2 Nd7 12. O-O Qxb3 13. axb3 a6 14. Bg3 Bxg3 15. hxg3 h6 16. Nd2 Rae8 17. b4 Nc8 18. Nb3 Nd6 19. Nc5 Re7 20. Rfc1 g5 21. g4 Bg6 22. Bf3 f5 23. gxf5 Bxf5 24. Nxd5 cxd5 25. Bxd5+ Kg7 26. Nxb7 Nf6 27. Nxd6 Nxd5 28. Nxf5+ Rxf5 29. Rc5 g4 30. Raa5 Ref7 31. Rxd5 Rxf2 32. Ra1 g3 33. Rh5 R7f6 34. Rh3 Rg6 35. Rxg3 Rxb2 36. Rxg6+ Kxg6 37. Rxa6+ Kg5 38. Rb6 Kg4 39. Rxh6 Rxb4 40. Rf6 Rb2 41. Rf2 Rb1+ 42. Kh2 Re1 43. Rf3 Re2 44. Rg3+ Kh4 45. d5 Re1 46. d6 Rd1 47. Rg6 Kh5 48. Re6 Kg5 49. e4 Kf4 50. e5 Kf5 51. Re7 Rd4 52. Kg3 Rd3+ 53. Kf2 Rd2+ 54. Ke3 Rxg2 55. d7 1-0


[Site "https://www.chess.com"]

[Event "Titled Tuesday Blitz April 4 Late 2023"]
[White "Baruch, Liam"]
[Black "Skaric, Djuro"]
[WhiteFideId "14322064"]
[BlackFideId "934569"]
[WhiteElo "2159"]
[BlackElo "2282"]
[Result "1-0"]
[Round "05"]
[TimeControl "180+2"]
[Date "2023.04.04"]
[WhiteClock "0:00:27"]
[BlackClock "0:01:14"]

1. e4 d6 2. d4 g6 3. Be3 Bg7 4. Nc3 Nf6 5. f3 O-O 6. Qd2 Nc6 7. Bh6 e5 8. d5 Ne7 9. O-O-O Nh5 10. g4 Nf4 11. Bxf4 exf4 12. Qxf4 f5 13. gxf5 gxf5 14. Qe3 Ng6 15. Kb1 f4 16. Qe1 a6 17. h4 Ne5 18. h5 h6 19. Be2 Kh7 20. Nh3 Bd7 21. Qd2 Qf6 22. Rdg1 Rf7 23. Nf2 b5 24. Ncd1 a5 25. Rf1 b4 26. Ng4 Nxg4 27. fxg4 Qe5 28. Rf2 a4 29. Rhf1 b3 30. Rxf4 bxa2+ 31. Kxa2 Rxf4 32. Qxf4 Qd4 33. Bd3 Rb8 34. e5+ Qxd3 35. cxd3 Bxe5 36. Qf7+ Kh8 37. Qxd7 a3 38. Qxc7 1-0


[Site "https://www.chess.com"]

[Event "Titled Tuesday Blitz April 4 Late 2023"]
[White "Michalski, Olaf"]
[Black "Qiao, Cindy"]
[WhiteFideId "1106740"]
[BlackFideId "2620243"]
[WhiteElo "2173"]
[BlackElo "1777"]
[Result "0-1"]
[Round "05"]
[TimeControl "180+2"]
[Date "2023.04.04"]
[WhiteClock "0:00:04"]
[BlackClock "0:01:19"]

1. d4 d5 2. c4 e6 3. Nc3 Nf6 4. Bg5 Nbd7 5. e3 c6 6. Nf3 Be7 7. Rc1 dxc4 8. Bxc4 b5 9. Bd3 a6 10. O-O Bb7 11. Ne4 O-O 12. Nc5 Nxc5 13. dxc5 h6 14. Bf4 a5 15. Qe2 Nd7 16. Bb1 Re8 17. Rfd1 Qc8 18. Qc2 Nf8 19. Bd6 b4 20. Ne5 Ba6 21. Qe4 Bb5 22. Qf3 f6 23. Ng6 Bxd6 24. cxd6 Qd7 25. Ne7+ Kh8 26. Nxc6 Rac8 0-1


[Site "https://www.chess.com"]

[Event "Titled Tuesday Blitz April 4 Late 2023"]
[White "Pirvulescu, Ekaterina"]
[Black "Buchenau, Frank"]
[WhiteFideId "13506374"]
[BlackFideId "4604350"]
[WhiteElo "2006"]
[BlackElo "2157"]
[Result "0-1"]
[Round "05"]
[TimeControl "180+2"]
[Date "2023.04.04"]
[WhiteClock "0:00:03"]
[BlackClock "0:00:07"]

1. c4 e5 2. Nf3 Nc6 3. Nc3 Nf6 4. d3 d6 5. g3 g6 6. Bg2 Bg7 7. O-O O-O 8. h3 Nd4 9. Rb1 Nxf3+ 10. exf3 d5 11. Qe2 Bf5 12. g4 Be6 13. Bg5 dxc4 14. dxc4 Qd4 15. Bxf6 Bxc4 16. Qxe5 Qxe5 17. Bxe5 Bxe5 18. Rfe1 Rfe8 19. f4 Bxf4 20. Bxb7 Rab8 21. Rxe8+ Rxe8 22. Bd5 Bd3 23. Rd1 Bc2 24. Rd4 g5 25. Ne4 Kg7 26. Ng3 Re1+ 27. Kg2 Be5 28. Nh5+ Kf8 29. Rc4 Bd3 30. Rxc7 Bxc7 31. Nf6 Bf1+ 32. Kf3 Ke7 33. Nxh7 Bxh3 34. Nxg5 Bf1 35. Nxf7 Be2+ 36. Kg2 Bxg4 37. Bb3 Be6 38. Bxe6 Kxe6 39. Ng5+ Kf5 40. Nf3 Bb6 41. Nxe1 Ke4 42. f3+ Ke3 43. Kg3 Ba5 44. f4 Bxe1+ 45. Kg4 Ke4 46. f5 Bf2 47. Kg5 Bd4 48. b3 Ke5 49. a4 Bc5 50. a5 Be7+ 51. Kg6 a6 52. b4 Bxb4 53. f6 Bxa5 54. f7 Bb4 55. Kg7 a5 56. f8=Q Bxf8+ 57. Kxf8 a4 58. Kg8 a3 0-1


[Site "https://www.chess.com"]

[Event "Titled Tuesday Blitz April 4 Late 2023"]
[White "Stachanczyk, Jacek"]
[Black "lolliNOPE"]
[WhiteFideId "1116657"]
[WhiteElo "2084"]
[BlackElo "2133"]
[Result "0-1"]
[Round "05"]
[TimeControl "180+2"]
[Date "2023.04.04"]
[WhiteClock "0:00:34"]
[BlackClock "0:01:21"]

1. e4 c6 2. d4 d5 3. Nc3 dxe4 4. Nxe4 Nf6 5. Nxf6+ exf6 6. c3 Bd6 7. Bd3 O-O 8. Ne2 Re8 9. O-O Nd7 10. Ng3 Nf8 11. Qf3 Ng6 12. Qh5 Be6 13. Bd2 Qd7 14. h3 b5 15. b3 a5 16. Nf5 Bf8 17. Rad1 a4 18. Bc2 axb3 19. axb3 Ra2 20. Bb1 Rb2 21. b4 Rxb1 22. Rxb1 Bxf5 23. Rbe1 Be6 24. Qf3 Bd5 25. Qd1 Rxe1 26. Rxe1 Nh4 27. f3 g6 28. Bf4 Bd6 29. Bxd6 Qxd6 30. Kf2 Qh2 31. Re8+ Kg7 32. Qg1 Qf4 33. Qd1 Nf5 34. Qe2 Qg3+ 35. Kg1 Nh4 36. Kh1 Nxf3 0-1


[Site "https://www.chess.com"]

[Event "Titled Tuesday Blitz April 4 Late 2023"]
[White "Tarnowska, Aleksandra"]
[Black "Ozalp, Burak"]
[WhiteFideId "1180967"]
[BlackFideId "6314210"]
[WhiteElo "1776"]
[BlackElo "2106"]
[Result "0-1"]
[Round "05"]
[TimeControl "180+2"]
[Date "2023.04.04"]
[WhiteClock "0:00:08"]
[BlackClock "0:00:09"]

1. e4 e5 2. Nf3 Nc6 3. Bb5 a6 4. Ba4 Nf6 5. O-O Be7 6. Re1 b5 7. Bb3 O-O 8. a4 Rb8 9. axb5 axb5 10. d4 exd4 11. Nxd4 Nxd4 12. Qxd4 d6 13. c3 c5 14. Qe3 Bb7 15. Bc2 Re8 16. Nd2 Ng4 17. Qh3 Bc8 18. Qd3 Ne5 19. Qe2 Bg4 20. f3 Be6 21. Nf1 Bc4 22. Qe3 h6 23. b3 Be6 24. h3 Bh4 25. g3 Bf6 26. f4 Nc6 27. Kh2 Qd7 28. g4 Bxg4 29. hxg4 Qxg4 30. Qg3 Qe6 31. Ne3 Bxc3 32. Nf5 Bxa1 33. Qxg7+ Bxg7 34. Rg1 Qg6 35. Rxg6 fxg6 36. Ng3 Nd4 37. Bd3 Kf8 38. Kg2 c4 39. bxc4 bxc4 40. Bxc4 Rec8 41. Be6 Rxc1 42. f5 Rb2+ 43. Kh3 h5 44. fxg6 Nxe6 45. e5 Bxe5 46. Kh4 Bxg3+ 47. Kxg3 Rg1+ 48. Kf3 Rxg6 49. Ke3 Ng7 50. Ke4 Rb7 51. Kd5 Rf7 52. Kc6 h4 53. Kb5 h3 54. Ka6 d5+ 55. Kb5 Rc7 56. Kb4 Rb6+ 57. Ka5 Rb1 58. Ka6 Rc2 59. Ka7 h2 60. Ka8 h1=Q 61. Ka7 Qf3 62. Ka6 Qa3# 0-1


[Site "https://www.chess.com"]

[Event "Titled Tuesday Blitz April 4 Late 2023"]
[White "Oliveira, Tiago Batista"]
[Black "Rodriguez Santiago, Jaime"]
[WhiteFideId "2108291"]
[BlackFideId "3100898"]
[WhiteElo "1962"]
[BlackElo "2025"]
[Result "0-1"]
[Round "05"]
[TimeControl "180+2"]
[Date "2023.04.04"]
[WhiteClock "0:00:08"]
[BlackClock "0:00:15"]

1. d4 Nf6 2. c4 e6 3. Nf3 d5 4. g3 dxc4 5. Bg2 c5 6. O-O Nc6 7. Qa4 Bd7 8. dxc5 Ne5 9. Qc2 Nxf3+ 10. Bxf3 Bxc5 11. Bxb7 Rb8 12. Bg2 Qb6 13. Nd2 c3 14. bxc3 O-O 15. Nf3 Qa6 16. Bg5 Ba4 17. Qc1 Nd5 18. Rb1 Rxb1 19. Qxb1 Nxc3 20. Qb2 Nxe2+ 21. Kh1 h6 22. Bd2 Bb5 23. Rb1 Bd3 24. Rd1 Bxf2 25. Bb4 Rb8 26. Ne5 Bc5 27. Nxd3 Bxb4 28. Nxb4 Qc4 29. Bf1 Qe4+ 30. Bg2 Qg4 31. a3 Nxg3+ 32. hxg3 Qxd1+ 33. Kh2 a5 34. Qe5 Rd8 35. Qxa5 Rd2 36. Qa8+ Kh7 37. Qf3 Qxf3 0-1


[Site "https://www.chess.com"]

[Event "Titled Tuesday Blitz April 4 Late 2023"]
[White "Steenbekkers, Franck"]
[Black "Novikova, Galina"]
[WhiteFideId "1004220"]
[BlackFideId "4157095"]
[WhiteElo "1950"]
[BlackElo "1953"]
[Result "0-1"]
[Round "05"]
[TimeControl "180+2"]
[Date "2023.04.04"]
[WhiteClock "0:00:01"]
[BlackClock "0:00:06"]

1. e4 e6 2. d4 d5 3. Nd2 Nc6 4. Ngf3 g5 5. Bb5 Bd7 6. Bxc6 Bxc6 7. Ne5 Qf6 8. Nxc6 bxc6 9. e5 Qg6 10. Nb3 Ne7 11. O-O Nf5 12. f4 g4 13. Qd3 h5 14. Qa6 Kd7 15. Na5 Nxd4 16. Be3 Bc5 17. Kh1 Rab8 18. b4 Rb6 19. Qxa7 Bxb4 20. Bxd4 c5 21. a3 Bxa5 22. Bxc5 Rb5 23. c4 Bb6 24. Qa6 Rxc5 25. cxd5 exd5 26. Rac1 Qc6 27. Rcd1 h4 28. f5 h3 29. e6+ Ke7 30. f6+ Kd6 31. exf7 hxg2+ 32. Kxg2 d4+ 33. Kg3 Rc3+ 34. Kxg4 Qd5 35. Qe2 Qh5+ 36. Kf4 Qxe2 37. Rfe1 Qf2+ 38. Kg5 Qxh2 39. Kg6 Qg3+ 0-1


[Site "https://www.chess.com"]

[Event "Titled Tuesday Blitz April 4 Late 2023"]
[White "Rian, Kapriaga"]
[Black "tandercat"]
[WhiteFideId "7103263"]
[WhiteElo "2326"]
[BlackElo "1936"]
[Result "1-0"]
[Round "05"]
[TimeControl "180+2"]
[Date "2023.04.04"]
[WhiteClock "0:01:01"]
[BlackClock "0:00:01"]

1. d4 d5 2. Nf3 Nf6 3. Bf4 e6 4. e3 c5 5. Nbd2 Nc6 6. c3 Bd6 7. Bg3 Qc7 8. Bb5 O-O 9. O-O Bxg3 10. hxg3 b6 11. b4 a6 12. Bxc6 Qxc6 13. Ne5 Qc7 14. a4 Bb7 15. a5 bxa5 16. b5 axb5 17. Nb3 c4 18. Nc5 b4 19. cxb4 axb4 20. Qd2 b3 21. Rfc1 h6 22. Nxb3 Ne4 23. Qb2 Qb6 24. Nd7 Qxb3 25. Qxb3 cxb3 26. Rab1 Rfc8 27. Rxc8+ Rxc8 28. Rxb3 Ba6 29. f3 Rc1+ 30. Kh2 Nf2 31. g4 Rh1+ 32. Kg3 g6 33. Kxf2 Rf1+ 34. Kg3 Kg7 35. Ra3 Bc4 36. Ne5 Rc1 37. Ra7 1-0


[Site "https://www.chess.com"]

[Event "Titled Tuesday Blitz April 4 Late 2023"]
[White "Vargas, Mauricio"]
[Black "Smith, Garrett L"]
[WhiteFideId "4404572"]
[BlackFideId "2024829"]
[WhiteElo "1998"]
[BlackElo "2316"]
[Result "0-1"]
[Round "05"]
[TimeControl "180+2"]
[Date "2023.04.04"]
[WhiteClock "0:00:04"]
[BlackClock "0:00:41"]

1. e4 c5 2. Qe2 Nc6 3. g3 g6 4. c3 Bg7 5. Bg2 e5 6. d3 Nge7 7. f4 d6 8. Nf3 O-O 9. O-O f5 10. Ng5 h6 11. Nf3 Be6 12. Na3 Qd7 13. Nh4 Rab8 14. Kh1 Kh7 15. Nc2 d5 16. Ne1 b5 17. Rf2 b4 18. Bd2 a5 19. Qf1 a4 20. Bf3 a3 21. b3 exf4 22. cxb4 fxg3 0-1


[Site "https://www.chess.com"]

[Event "Titled Tuesday Blitz April 4 Late 2023"]
[White "Vifleemskaia, Svetlana"]
[Black "Jiganchine, Roman"]
[WhiteFideId "4129490"]
[BlackFideId "2603667"]
[WhiteElo "1930"]
[BlackElo "2298"]
[Result "1-0"]
[Round "05"]
[TimeControl "180+2"]
[Date "2023.04.04"]
[WhiteClock "0:01:09"]
[BlackClock "0:00:06"]

1. d4 d5 2. c4 e6 3. Nc3 Nf6 4. cxd5 Nxd5 5. e4 Nxc3 6. bxc3 c5 7. Rb1 g6 8. Nf3 Bg7 9. Bb5+ Bd7 10. O-O O-O 11. Bf4 Bxb5 12. Rxb5 cxd4 13. cxd4 b6 14. Be5 Bxe5 15. Nxe5 Nd7 16. Nc6 Qc7 17. d5 Nf6 18. Qf3 Kg7 19. Rc1 exd5 20. e5 Ne4 21. Rxd5 Nc5 22. Qf6+ Kh6 23. Ne7 Qb7 24. Nf5+ Kh5 25. Qh4# 1-0


[Site "https://www.chess.com"]

[Event "Titled Tuesday Blitz April 4 Late 2023"]
[White "Zampronha, Wladimir Camilo"]
[Black "Kujawski, Adam"]
[WhiteFideId "2103087"]
[BlackFideId "1100920"]
[WhiteElo "2176"]
[BlackElo "2054"]
[Result "0-1"]
[Round "05"]
[TimeControl "180+2"]
[Date "2023.04.04"]
[WhiteClock "0:01:11"]
[BlackClock "0:00:49"]

1. e4 e5 2. Nf3 Nc6 3. d4 exd4 4. Nxd4 Bb4+ 5. c3 Bc5 6. Be3 Bb6 7. Nf5 g6 8. Bxb6 axb6 9. Ne3 Nf6 10. Nd2 d5 11. exd5 Nxd5 12. Nxd5 Qxd5 13. Bc4 Qe5+ 14. Qe2 Bf5 15. O-O Qxe2 16. Bxe2 O-O-O 17. Nf3 Rhe8 18. Rfe1 Ne5 19. Nxe5 Rxe5 20. g4 Be6 21. f4 Red5 22. Bf3 Rd2 23. Re2 Rxe2 24. Bxe2 Rd2 25. Kf1 Rxb2 26. a3 b5 27. Rd1 Bc4 28. Bxc4 bxc4 29. Rd4 Rxh2 30. Rxc4 b6 31. g5 Kd7 32. Rd4+ Ke6 33. Rc4 c5 34. a4 Kf5 35. a5 bxa5 36. Rxc5+ Kxf4 37. Rxa5 Rh5 38. Ra7 Kxg5 39. Rxf7 Rh4 40. Ke2 h5 41. Kd3 Rh1 42. c4 h4 43. Ke2 Rc1 44. Rc7 Kg4 45. Kf2 g5 46. c5 h3 47. c6 0-1


[Site "https://www.chess.com"]

[Event "Titled Tuesday Blitz April 4 Late 2023"]
[White "Winkels, Marcel"]
[Black "Ai, Evan"]
[WhiteFideId "1003887"]
[BlackFideId "2094770"]
[WhiteElo "1900"]
[BlackElo "1963"]
[Result "0-1"]
[Round "05"]
[TimeControl "180+2"]
[Date "2023.04.04"]
[WhiteClock "0:00:18"]
[BlackClock "0:00:59"]

1. d4 Nf6 2. Nc3 d5 3. Bf4 c6 4. Nf3 Bf5 5. Ne5 Nbd7 6. e3 Nxe5 7. dxe5 Nd7 8. Qf3 e6 9. O-O-O g5 10. Bg3 b5 11. e4 g4 12. Qe3 Bg6 13. exd5 cxd5 14. Bxb5 a6 15. Ba4 Qa5 16. Bxd7+ Kxd7 17. Kb1 Bb4 18. Qd4 Rhc8 19. Ne4 Rab8 20. Rhe1 Bxe1 21. Nf6+ Ke7 22. Rc1 Bc3 0-1


[Site "https://www.chess.com"]

[Event "Titled Tuesday Blitz April 4 Late 2023"]
[White "Senthilkumar, Pranav"]
[Black "Lock, Gavin R"]
[WhiteFideId "2083477"]
[BlackFideId "408646"]
[WhiteElo "1860"]
[BlackElo "2104"]
[Result "1-0"]
[Round "05"]
[TimeControl "180+2"]
[Date "2023.04.04"]
[WhiteClock "0:01:52"]
[BlackClock "0:00:14"]

1. Nf3 d5 2. d4 Nf6 3. g3 c5 4. Bg2 Nc6 5. O-O e6 6. c4 dxc4 7. Na3 cxd4 8. Nxc4 Be7 9. Bf4 O-O 10. Nce5 Bd7 11. Nxd4 Nxe5 12. Bxe5 Qb6 13. Qb3 Ng4 14. Qxb6 axb6 15. Bc7 Bc5 16. Nb3 Bb5 17. Nxc5 bxc5 18. Rfc1 Rac8 19. Bd6 Rfd8 20. Rxc5 Rxc5 21. Bxc5 Ba6 22. b4 Rd2 23. a4 Bxe2 24. Bxb7 Ne5 25. a5 1-0


[Site "https://www.chess.com"]

[Event "Titled Tuesday Blitz April 4 Late 2023"]
[White "Vujcic, Milena"]
[Black "Vaglio Munoz, Jaime"]
[WhiteFideId "954748"]
[BlackFideId "6500145"]
[WhiteElo "1882"]
[BlackElo "2199"]
[Result "0-1"]
[Round "05"]
[TimeControl "180+2"]
[Date "2023.04.04"]
[WhiteClock "0:00:11"]
[BlackClock "0:00:57"]

1. e4 c6 2. d4 d5 3. Nc3 g6 4. e5 h5 5. f4 Nh6 6. Nf3 Bg4 7. Be3 Nf5 8. Bf2 e6 9. Be2 Bxf3 10. Bxf3 Qb6 11. Qd2 Bb4 12. O-O-O Qa5 13. a3 Bxc3 14. Qxc3 Qxc3 15. bxc3 Nd7 16. Be2 b5 17. Kb2 Nb6 18. h3 h4 19. Rd3 Nc4+ 20. Ka2 a5 21. g4 b4 22. gxf5 gxf5 23. Be1 Nxa3 24. Bd1 Kd7 25. Rg1 Nc4 26. Kb1 Rhb8 27. cxb4 axb4 28. Rb3 Ra4 29. Be2 Rba8 30. Kc1 Ra1+ 31. Rb1 Rxb1+ 32. Kxb1 Ra3 33. Bxc4 dxc4 34. Bxb4 Rxh3 35. Bd2 Rh2 36. Kc1 h3 37. c3 c5 38. Be1 Kc6 39. Bg3 Ra2 40. Kb1 Re2 41. Rh1 Re3 42. Be1 cxd4 43. cxd4 Kd5 44. Bd2 Rd3 45. Kc2 Rg3 46. Ra1 Kxd4 47. Rh1 c3 48. Bc1 Rg2+ 49. Kb3 h2 50. Rd1+ Ke4 51. Kxc3 Rg1 52. Rd4+ Kf3 53. Rd3+ Kg4 54. Be3 h1=Q 0-1


[Site "https://www.chess.com"]

[Event "Titled Tuesday Blitz April 4 Late 2023"]
[White "Vivas Zamora, Fabian Ernesto"]
[Black "ritanovikova"]
[WhiteFideId "3902480"]
[WhiteElo "2262"]
[BlackElo "2207"]
[Result "0-1"]
[Round "05"]
[TimeControl "180+2"]
[Date "2023.04.04"]
[WhiteClock "0:00:06"]
[BlackClock "0:00:37"]

1. e4 d5 2. exd5 Qxd5 3. Nc3 Qd6 4. d4 Nf6 5. Nf3 c6 6. g3 Bg4 7. Bg2 e6 8. O-O Be7 9. Bf4 Qb4 10. h3 Bxf3 11. Qxf3 Nd5 12. Nxd5 cxd5 13. c4 Nc6 14. cxd5 Nxd4 15. Qd3 O-O 16. a3 Qxb2 17. Kh2 Bf6 18. Rab1 Qe2 19. Qxe2 Nxe2 20. dxe6 Nxf4 21. gxf4 fxe6 22. Rxb7 Bd4 23. Kg3 Rab8 24. Re1 e5 25. Rxb8 exf4+ 26. Kg4 h5+ 27. Kg5 Rxb8 28. Bd5+ Kf8 29. Kxf4 Bxf2 30. Rf1 Rb2 31. Be4 Ke7 32. Bg6 Bh4 33. Bxh5 Bf6 34. Rf3 Rb6 35. Kf5 Ra6 36. Re3+ Kd6 37. Be2 Ra5+ 38. Kg6 Rg5+ 39. Kf7 Rc5 40. Bg4 Rc7+ 41. Kg6 Bd4 42. Re6+ Kd5 43. Re2 Be5 44. Bf3+ Kd4 45. Re4+ Kd5 46. Rb4+ Kd6 47. Bg4 Bf6 48. Re4 Rc3 49. a4 Ra3 50. Rb4 Kc7 51. Rc4+ Kb6 52. Bd7 a5 53. Rc6+ Kb7 54. h4 Rd3 55. Be8 Re3 56. Bd7 Re7 57. Rd6 Kc7 58. Ra6 Rxd7 59. h5 Bc3 60. Ra7+ Kd8 61. Ra8+ Ke7 62. Ra6 Rd6+ 63. Rxd6 Kxd6 64. h6 gxh6 65. Kxh6 Kc5 66. Kg5 Kb4 67. Kf4 Kxa4 68. Ke4 Kb3 69. Kd3 0-1


[Site "https://www.chess.com"]

[Event "Titled Tuesday Blitz April 4 Late 2023"]
[White "Matute Escobar, Roxanny"]
[Black "Yanayt, Eugene"]
[WhiteFideId "3926028"]
[BlackFideId "2020165"]
[WhiteElo "1844"]
[BlackElo "2083"]
[Result "0-1"]
[Round "05"]
[TimeControl "180+2"]
[Date "2023.04.04"]
[WhiteClock "0:00:01"]
[BlackClock "0:00:03"]

1. e4 c5 2. Nf3 d6 3. d4 cxd4 4. Nxd4 Nf6 5. Nc3 a6 6. Be3 e5 7. Nb3 Be6 8. f3 Be7 9. Qd2 O-O 10. O-O-O a5 11. Kb1 a4 12. Nc1 a3 13. b3 Nbd7 14. g4 Nb6 15. h4 Qc7 16. h5 Rfc8 17. Nb5 Qc6 18. g5 Nfd7 19. Rh2 d5 20. g6 Nc4 21. Bxc4 dxc4 22. gxf7+ Kh8 23. Nd6 cxb3 24. cxb3 Rf8 25. Nf5 Bxf5 26. exf5 Nb6 27. h6 g6 28. fxg6 Qxg6+ 29. Ka1 Bf6 30. Rg1 Qxf7 31. Bxb6 e4+ 32. Bd4 Rad8 33. Ne2 exf3 34. Rg7 Bxd4+ 35. Nxd4 Qf6 36. Rg4 f2 37. Rxf2 Qxf2 38. Qxf2 Rxf2 39. Kb1 Rc8 40. Rg1 Rb2+ 41. Ka1 Rd2 42. Nf3 Rf2 43. Rf1 Rxf1+ 44. Ne1 Rxe1# 0-1


[Site "https://www.chess.com"]

[Event "Titled Tuesday Blitz April 4 Late 2023"]
[White "Hartikainen, Jarmo"]
[Black "Garrido, Denis"]
[WhiteFideId "503134"]
[BlackFideId "601217"]
[WhiteElo "2055"]
[BlackElo "2337"]
[Result "0-1"]
[Round "05"]
[TimeControl "180+2"]
[Date "2023.04.04"]
[WhiteClock "0:00:01"]
[BlackClock "0:00:31"]

1. e4 e5 2. Nf3 Nc6 3. Bc4 Nf6 4. Ng5 d5 5. exd5 Na5 6. Bb5+ c6 7. dxc6 bxc6 8. Bd3 Nd5 9. Nf3 Bd6 10. O-O Nf4 11. Nc3 Nxd3 12. cxd3 O-O 13. Qa4 Bd7 14. Re1 c5 15. Qh4 f6 16. Ne4 Be7 17. b3 Nc6 18. Ng3 f5 19. Qc4+ Kh8 20. Nxe5 Nxe5 21. Rxe5 Bf6 22. Bb2 Bxe5 23. Bxe5 Qe7 24. Qc3 Rae8 25. f4 Kg8 26. Rf1 g6 27. h3 Bc6 28. Kh2 Rd8 29. Re1 Rf7 30. Re3 Ba8 31. d4 Qb7 32. Re2 cxd4 33. Bxd4 Rfd7 34. Bh8 Rc8 35. Qf6 Rf7 36. Qe6 Rf8 0-1


[Site "https://www.chess.com"]

[Event "Titled Tuesday Blitz April 4 Late 2023"]
[White "Kollars, Dmitrij"]
[Black "Erigaisi Arjun"]
[WhiteFideId "12909572"]
[BlackFideId "35009192"]
[WhiteElo "2584"]
[BlackElo "2737"]
[Result "0-1"]
[Round "06"]
[TimeControl "180+2"]
[Date "2023.04.04"]
[WhiteClock "0:00:01"]
[BlackClock "0:00:05"]

1. e4 d6 2. d4 g6 3. Nc3 Bg7 4. Be3 a6 5. h4 Nf6 6. h5 Nxh5 7. Rxh5 gxh5 8. Qxh5 e6 9. Nf3 b5 10. O-O-O Nd7 11. e5 Bb7 12. d5 Nxe5 13. dxe6 Qe7 14. Nd4 O-O 15. f4 fxe6 16. fxe5 Bxe5 17. Bd3 Rf7 18. Ne4 c5 19. Nf3 Rf5 20. Qg4+ Qg7 21. Nxe5 Rxe5 22. Nf6+ Kf7 23. Bf4 Qxf6 24. Bxe5 Qxe5 25. Rf1+ Ke8 26. Qg8+ Kd7 27. Qxh7+ Kc6 28. Be4+ d5 29. Bg6 Rh8 30. Qe7 Qd6 31. Be8+ Rxe8 32. Qxe8+ Kb6 33. Qf7 d4 34. g4 Bg2 35. Qf4 Qd8 36. Rg1 Bd5 37. g5 c4 38. g6 e5 39. Qxe5 Bg8 40. Qf5 c3 41. Qf2 Ka5 42. a3 Qd5 43. Qf6 cxb2+ 44. Kd2 Qc5 45. Qd8+ Ka4 0-1


[Site "https://www.chess.com"]

[Event "Titled Tuesday Blitz April 4 Late 2023"]
[White "Sadhwani, Raunak"]
[Black "Indjic, Aleksandar"]
[WhiteFideId "35093487"]
[BlackFideId "911925"]
[WhiteElo "2631"]
[BlackElo "2614"]
[Result "0-1"]
[Round "06"]
[TimeControl "180+2"]
[Date "2023.04.04"]
[WhiteClock "0:00:05"]
[BlackClock "0:00:20"]

1. e4 c5 2. Nf3 d6 3. Bb5+ Nd7 4. O-O a6 5. Be2 Ngf6 6. d3 e6 7. Ng5 h6 8. Nh3 b5 9. f4 Bb7 10. Qe1 Be7 11. Nd2 Qc7 12. Nf3 Bc6 13. b3 a5 14. Bb2 a4 15. Nf2 a3 16. Bc3 b4 17. Bd2 Rg8 18. Rc1 Qb7 19. Nh3 Nh7 20. Qf2 O-O-O 21. f5 Nhf6 22. fxe6 fxe6 23. Nf4 Nf8 24. e5 N6d7 25. exd6 Bxd6 26. c3 g5 27. Nh5 bxc3 28. Rxc3 Ng6 29. h3 Rdf8 30. d4 Nh4 31. dxc5 Bc7 32. b4 Qxb4 33. Qe3 Qe4 34. Qxe4 Bxe4 35. Nd4 Be5 36. Be3 Nxg2 37. Ba6+ Kd8 38. Nxe6+ Ke7 39. Nxf8 Bxc3 40. Nxd7 Kxd7 41. Bf2 Nf4 42. Bb5+ Kc7 43. Rc1 Bb2 44. Re1 Nxh3+ 45. Kf1 Nxf2 46. Kxf2 Bc6 47. Bxc6 Kxc6 48. Re6+ Kxc5 49. Rxh6 g4 50. Ng3 Kd4 51. Nf5+ Kd3 52. Rd6+ Kc2 53. Ne3+ Kb1 54. Nc4 Kxa2 55. Rb6 Bd4+ 0-1


[Site "https://www.chess.com"]

[Event "Titled Tuesday Blitz April 4 Late 2023"]
[White "Maghsoodloo, Parham"]
[Black "Beerdsen, Thomas"]
[WhiteFideId "12539929"]
[BlackFideId "1030108"]
[WhiteElo "2647"]
[BlackElo "2547"]
[Result "1-0"]
[Round "06"]
[TimeControl "180+2"]
[Date "2023.04.04"]
[WhiteClock "0:00:50"]
[BlackClock "0:00:03"]

1. d4 Nf6 2. c4 a6 3. Nc3 b5 4. e3 b4 5. Nce2 Bb7 6. Ng3 h5 7. h4 e6 8. Nf3 c5 9. Bd3 Qc7 10. b3 Nc6 11. Bb2 Bd6 12. Ne4 Nxe4 13. Bxe4 cxd4 14. exd4 O-O-O 15. O-O f5 16. Bxc6 Qxc6 17. d5 Qc7 18. Ng5 Rhf8 19. Bxg7 Rg8 20. Bd4 Bf4 21. Be3 Kb8 22. Qf3 Be5 23. Rad1 Ka8 24. Kh1 exd5 25. cxd5 f4 26. Bd4 Rge8 27. Nf7 Bxd4 28. Nxd8 Qxd8 29. Rxd4 Qxh4+ 30. Kg1 Rf8 31. Rxb4 d6 32. Re1 Qg5 33. Rxb7 Kxb7 34. Qc3 f3 35. g3 h4 36. Qc6+ Ka7 37. Qc7+ Ka8 38. Re7 Qc1+ 39. Qxc1 1-0


[Site "https://www.chess.com"]

[Event "Titled Tuesday Blitz April 4 Late 2023"]
[White "Naroditsky, Daniel"]
[Black "Vakhlamov, Igor L."]
[WhiteFideId "2026961"]
[BlackFideId "24126748"]
[WhiteElo "2633"]
[BlackElo "2400"]
[Result "1-0"]
[Round "06"]
[TimeControl "180+2"]
[Date "2023.04.04"]
[WhiteClock "0:01:32"]
[BlackClock "0:00:12"]

1. d4 d5 2. Nc3 Nf6 3. Bf4 c5 4. e4 Nxe4 5. Nxe4 dxe4 6. dxc5 Qa5+ 7. c3 Qxc5 8. Qa4+ Nc6 9. Qxe4 g6 10. Nf3 Bg7 11. Rd1 O-O 12. Be3 Qa5 13. Bc4 Bf5 14. Qh4 Ne5 15. Nxe5 Bxe5 16. O-O Bf6 17. Bg5 Bxg5 18. Qxg5 Qc7 19. Bd5 Rad8 20. Qe3 b6 21. h3 Rd6 22. Rd4 Rfd8 23. Rfd1 Qc5 24. Qxe7 Be6 25. Bxe6 Rxd4 26. Qxf7+ Kh8 27. Qf6# 1-0


[Site "https://www.chess.com"]

[Event "Titled Tuesday Blitz April 4 Late 2023"]
[White "Makhnev, Denis"]
[Black "Sargsyan, Shant"]
[WhiteFideId "13707647"]
[BlackFideId "13306766"]
[WhiteElo "2515"]
[BlackElo "2628"]
[Result "0-1"]
[Round "06"]
[TimeControl "180+2"]
[Date "2023.04.04"]
[WhiteClock "0:00:06"]
[BlackClock "0:00:55"]

1. d4 g6 2. Nc3 Nf6 3. e4 d5 4. e5 Ne4 5. Nxe4 dxe4 6. Be3 Bg7 7. c3 O-O 8. h4 c5 9. Bc4 cxd4 10. cxd4 Nc6 11. h5 Qa5+ 12. Kf1 Rd8 13. hxg6 hxg6 14. Qb3 e6 15. Ne2 b6 16. Bg5 Rxd4 17. Nxd4 Nxd4 18. Qh3 Qxe5 19. Qh7+ Kf8 20. Bh6 Bxh6 21. Qxh6+ Ke7 22. Rd1 Bb7 23. Qe3 Rd8 24. Qa3+ Kf6 25. Qxa7 e3 26. fxe3 Qf5+ 27. Kg1 Nf3+ 28. gxf3 Rxd1+ 29. Bf1 Rxf1+ 30. Kxf1 Qxf3+ 31. Ke1 Qxh1+ 32. Kd2 Qd5+ 33. Kc3 Qa5+ 34. Qxa5 bxa5 35. Kc4 g5 36. Kb5 g4 37. Kxa5 g3 38. Kb6 g2 0-1


[Site "https://www.chess.com"]

[Event "Titled Tuesday Blitz April 4 Late 2023"]
[White "Szpar, Milosz"]
[Black "Chigaev, Maksim"]
[WhiteFideId "1184989"]
[BlackFideId "4108116"]
[WhiteElo "2436"]
[BlackElo "2547"]
[Result "0-1"]
[Round "06"]
[TimeControl "180+2"]
[Date "2023.04.04"]
[WhiteClock "0:00:06"]
[BlackClock "0:00:04"]

1. e4 c5 2. Nf3 Nc6 3. Bb5 e6 4. Bxc6 bxc6 5. d3 Qc7 6. O-O Ne7 7. c4 Ng6 8. Nc3 e5 9. a3 Be7 10. Rb1 a5 11. Ne1 O-O 12. Nc2 f5 13. exf5 Rxf5 14. Ne3 Rf8 15. Ne4 d6 16. Bd2 a4 17. b4 axb3 18. Qxb3 Nf4 19. Rb2 Ne2+ 20. Kh1 Nd4 21. Qa2 Ne6 22. Rfb1 Nf4 23. Rb3 Qa7 24. Be1 Ne6 25. Bc3 h6 26. f3 Kh7 27. Qf2 Nd4 28. Bxd4 cxd4 29. Nc2 c5 30. h3 Qc7 31. Qg3 Ra7 32. a4 Rxa4 33. Na3 Qd8 34. Nb5 Bf5 35. Re1 Bh4 36. Re2 Bxg3 37. Nxg3 Bg6 38. Kh2 Rf7 39. Ne4 Bxe4 40. dxe4 Rb7 41. Rc2 Qd7 42. Rd3 Rxc4 43. Rxc4 Qxb5 44. Rb3 Qxb3 0-1


[Site "https://www.chess.com"]